 Dungeon Crawl Stone Soup version 0.24.0-13-gcf9b3192b9 (webtiles) character file.

Game seed: 6780132947183966682, levelgen mode: deterministic

4239 loralnil the Covert (level 10, -14/48 HPs)
             Began as a Spriggan Enchanter on Nov 10, 2019.
             Was a Priest of Dithmenos.
             Demolished by a two-headed ogre
             ... wielding a +0 giant spiked club
              (15 damage)
             ... on level 9 of the Dungeon.
             The game lasted 00:28:18 (11821 turns).

loralnil the Covert (Spriggan Enchanter)           Turns: 11821, Time: 00:28:18

Health: -14/48     AC:  3    Str:  4    XL:     10   Next: 9%
Magic:  17/21      EV: 25    Int: 24    God:    Dithmenos [***...]
Gold:   493        SH:  0    Dex: 17    Spells: 2/23 levels left

rFire    . . .     SeeInvis +   a - +1 dagger
rCold    . . .     Gourm    .   (shield restricted)
rNeg     . . .     Faith    .   b - +1 robe
rPois    .         Spirit   .   (helmet restricted)
rElec    .         Reflect  .   (no cloak)
rCorr    .         Harm     .   (gloves unavailable)
MR       +....                  (boots unavailable)
Stlth    ++++++....             (no amulet)
HPRegen  0.16/turn              i - +4 ring of intelligence
MPRegen  0.17/turn              (no ring)

@: confusing touch, wreathed by umbra, very quick
A: very small, unfitting armour, horns 1, see invisible, herbivore, speed 3,
robust 1, slow metabolism 2
a: Shadow Step, Renounce Religion


You were on level 9 of the Dungeon.
You worshipped Dithmenos.
Dithmenos was most pleased with you.
You were not hungry.

You visited 2 branches of the dungeon, and saw 10 of its levels.

You collected 493 gold pieces.

Inventory:

Hand Weapons
 a - a +1 dagger (weapon)
Armour
 b - a +1 robe (worn)
Jewellery
 g - an uncursed amulet of faith
 h - an uncursed ring of flight
 i - a +4 ring of intelligence (left hand)
Wands
 l - a wand of polymorph (6)
Scrolls
 c - a scroll of summoning
 f - 3 scrolls of enchant armour
 j - a scroll of noise
 k - 4 scrolls of teleportation
 o - a scroll of blinking
 p - 4 scrolls of amnesia
 q - 5 scrolls of remove curse
 r - a scroll of fear {unknown}
Potions
 e - 2 potions of might
 m - a potion of heal wounds
 n - 2 potions of haste
Comestibles
 d - 15 rations


   Skills:
 + Level 7.1 Short Blades
 + Level 9.8 Dodging
 + Level 10.9 Stealth
 - Level 7.0 Spellcasting
 + Level 2.7 Conjurations
 + Level 8.7 Hexes


You had 2 spell levels left.
You knew the following spells:

 Your Spells              Type           Power        Failure   Level  Hunger
a - Corona                Hex            ######.      1%          1    None
b - Ensorcelled Hibernat  Hex/Ice        ####..       1%          2    None
c - Confuse               Hex            ######..     1%          3    None
d - Dazzling Spray        Conj/Hex       #####.       1%          3    None
e - Confusing Touch       Hex            ######       1%          1    None
f - Tukima's Dance        Hex            ######..     1%          3    None
g - Searing Ray           Conj           ###...       3%          2    None
h - Fulminant Prism       Conj/Hex       #####.....   7%          4    ###....
i - Poisonous Vapours     Pois/Air       #.....       11%         2    None

Your spell library contained the following spells:

 Spells                   Type           Power        Failure   Level  Hunger
 Magic Dart               Conj           ###.         2%          1    None
 Sting                    Conj/Pois      ##..         4%          1    None
 Animate Skeleton         Necr           N/A          7%          1    None
 Apportation              Tloc           #.....       7%          1    None
 Pain                     Necr           #...         7%          1    None
 Summon Small Mammal      Summ           #...         7%          1    None
 Sticks to Snakes         Tmut           #.......     11%         2    None
 Mephitic Cloud           Conj/Pois/Air  ##......     16%         3    None
 Regeneration             Chrm/Necr      #.........   22%         3    None
 Vampiric Draining        Necr           #.........   22%         3    None
 Iskenderun's Mystic Bla  Conj           ###.....     24%         4    ###....
 Force Lance              Conj/Tloc      ##......     38%         4    ###....
 Animate Dead             Necr           N/A          56%         4    ###....
 Olgreb's Toxic Radiance  Pois           #.......     56%         4    ###....
 Venom Bolt               Conj/Pois      ##........   75%         5    #####..
 Bolt of Magma            Conj/Fire/Erth ##........   80%         5    #####..
 Blade Hands              Tmut           #.........   89%         5    #####..
 Dragon Form              Tmut           #.........   100%        7    #######


Dungeon Overview and Level Annotations

Branches:
Dungeon (9/15)             Temple (1/1) D:5            Lair (0/6) D:8
    Orc: D:9-12

Altars:
Ashenzari
Cheibriados
Dithmenos
Elyvilon
Fedhas
Gozag
Hepliaklqana
Kikubaaqudgha
Makhleb
Nemelex Xobeh
Qazlal
Ru
Sif Muna
Trog
Uskayaw
Vehumet
Wu Jian
Yredelemnul
Zin
The Shining One

Annotations:
D:2 exclusion: oklob plant


Innate Abilities, Weirdness & Mutations

You are very small and have problems with some larger weapons.
You are too small for most types of armour.
You have supernaturally acute eyesight. (SInv)
You are a herbivore.
You cover ground extremely quickly.
You need to consume almost no food.
You have a pair of small horns on your head.
You are robust. (+10% HP)


Message History

The two-headed ogre closely misses you. The two-headed ogre misses you.
Casting: Ensorcelled Hibernation (safe; 1% risk of failure)
Confirm with . or Enter, or press ? or * to list all spells.
Aiming: Ensorcelled Hibernation (safe; 1% risk of failure)
Press: ? - help, Shift-Dir - straight line, f/p - two-headed ogre
Aim: a two-headed ogre, wielding a +0 giant spiked club and a +0 giant club (chance to confuse on hit: 46%, umbra, chance to defeat MR: 40%)
The two-headed ogre looks drowsy...
The helpless two-headed ogre fails to defend itself.
You hit the two-headed ogre but do no damage.
The two-headed ogre closely misses you.
The two-headed ogre hits you with a +0 giant club!
You hit the two-headed ogre but do no damage.
You hit the two-headed ogre but do no damage.
You barely miss the two-headed ogre.
The two-headed ogre hits you with a +0 giant spiked club!!
Ouch! That really hurt!
* * * LOW HITPOINT WARNING * * *
You emit a cloud of dark smoke.
The two-headed ogre hits you with a +0 giant club!
You die...

..o.... .....
... #.# #.# ##.#
# #oo# # ##O## #
#§@# # ##§## #
#§§.### #
#.#...## #
#..##...## ##
#.# ##...##
####. ..
###..#######....
#.#
##...##.......
.. ##...........


You could see a two-headed ogre, an orc priest and an orc.

Vanquished Creatures
  Prince Ribbit (D:9)
  A hippogriff (D:9)
  A wyvern (D:7)
  3 porcupines (D:8)
  3 orc warriors
  A water moccasin (D:6)
  2 ice beasts
  A sky beast (D:5)
  A black bear (D:8)
  3 ogres
  3 phantoms
  2 centaurs
  A crocodile (D:8)
  6 bullfrogs
  A scorpion (D:6)
  5 wights (D:7)
  2 howler monkeys
  2 crimson imps
  A centaur zombie (D:8)
  A quasit (D:7)
  2 hounds
  8 orc wizards
  3 orc priests
  A centaur skeleton (D:4)
  2 jellies
  3 iguanas
  6 worker ants
  A hound zombie (D:6)
  2 hound skeletons
  16 adders
  4 gnolls (D:6)
  2 shadow imps
  6 oozes (D:3)
  2 worms
  2 dart slugs
  3 leopard geckos
  32 orcs
  7 giant cockroaches
  8 goblins
  4 hobgoblins
  4 jackals (D:7)
  8 kobolds
  2 quokkas
  7 bats
  6 frilled lizards
  A quokka skeleton (D:4)
  4 rats (D:1)
187 creatures vanquished.

Vanquished Creatures (others)
  14 fungi (D:8)
  2 plants (D:8)
  11 toadstools (D:3)
27 creatures vanquished.

Grand Total: 214 creatures vanquished

Notes
Turn   | Place    | Note
-------+----------+-------------------------------------------
     0 | D:1      | loralnil the Spriggan Enchanter began the quest for the
                  | Orb.
     0 | D:1      | Reached XP level 1. HP: 9/9 MP: 5/5
   492 | D:1      | Reached XP level 2. HP: 13/13 MP: 6/6
  1270 | D:1      | Learned a level 2 spell: Ensorcelled Hibernation
  1774 | D:2      | Reached XP level 3. HP: 16/16 MP: 5/8
  2015 | D:2      | Found a blossoming altar of Fedhas.
  2031 | D:2      | Noticed an oklob plant
  2099 | D:2      | Reached skill level 5 in Stealth
  2319 | D:2      | HP: 1/24 [giant cockroach (1)]
  3015 | D:3      | Reached XP level 4. HP: 21/21 MP: 7/10
  3581 | D:3      | Reached XP level 5. HP: 24/24 MP: 2/11
  4325 | D:4      | Reached skill level 6 in Stealth
  4850 | D:4      | Reached XP level 6. HP: 28/28 MP: 10/13
  4871 | D:4      | Reached skill level 5 in Dodging
  5009 | D:4      | Reached skill level 5 in Hexes
  5641 | D:4      | Learned a level 3 spell: Confuse
  5645 | D:4      | Learned a level 3 spell: Dazzling Spray
  5996 | D:5      | Entered Level 5 of the Dungeon
  6241 | D:5      | Learned a level 1 spell: Confusing Touch
  6279 | D:5      | Found a staircase to the Ecumenical Temple.
  6299 | Temple   | Entered the Ecumenical Temple
  6369 | Temple   | Became a worshipper of Dithmenos the Shadowed
  6830 | D:5      | Reached XP level 7. HP: 32/32 MP: 8/15
  7050 | D:5      | Reached skill level 7 in Stealth
  7156 | D:5      | Gained mutation: You are robust. (+10% HP) [potion of
                  | mutation]
  7156 | D:5      | Gained mutation: You have a pair of small horns on your
                  | head. [potion of mutation]
  7363 | D:5      | Reached skill level 5 in Spellcasting
  7506 | D:5      | Identified Vozoh's Tome of the Shifting Arsonist
  7906 | D:6      | Found a stormy altar of Qazlal.
  7906 | D:6      | Found a glowing golden altar of the Shining One.
  8305 | D:6      | Reached skill level 8 in Stealth
  8305 | D:6      | Reached XP level 8. HP: 39/39 MP: 12/17
  8342 | D:6      | Learned a level 3 spell: Tukima's Dance
  8523 | D:6      | Reached * piety under Dithmenos
  8595 | D:6      | Reached skill level 5 in Short Blades
  8752 | D:6      | Found an ancient bone altar of Kikubaaqudgha.
  9031 | D:6      | Found a hazy altar of Hepliaklqana.
  9224 | D:7      | Reached skill level 9 in Stealth
  9537 | D:7      | Reached XP level 9. HP: 36/42 MP: 20/20
  9681 | D:7      | Learned a level 2 spell: Searing Ray
  9686 | D:7      | Learned a level 4 spell: Fulminant Prism
  9689 | D:7      | Learned a level 2 spell: Poisonous Vapours
 10132 | D:7      | Reached ** piety under Dithmenos
 10238 | D:8      | Reached skill level 1 in Conjurations
 10519 | D:7      | Reached skill level 10 in Stealth
 10922 | D:8      | Found a staircase to the Lair.
 11683 | D:9      | Reached XP level 10. HP: 48/48 MP: 21/21
 11684 | D:9      | Found an ornate altar of the Wu Jian Council.
 11753 | D:9      | Noticed Prince Ribbit
 11760 | D:9      | Killed Prince Ribbit
 11776 | D:9      | Reached *** piety under Dithmenos
 11799 | D:9      | Noticed a two-headed ogre
 11821 | D:9      | HP: 1/48 [two-headed ogre/+0 giant spiked club (32)]
 11821 | D:9      | Demolished by a two-headed ogre

Levels and vault maps discovered:
D:1:      grunt_arrival_crossed_arrows, layout_basic
D:2:      layout_basic, tgw_fedhas, first_ration
D:3:      cheibrodos_fertilizer, layout_basic
D:4:      layout_cave_pods
D:5:      layout_gridville, minmay_temple_entry_glassed_door, chequers_arboretum
D:6:      layout_layer_cave, kiku_gazebo_garden_becter, lemuel_doored_altar,
          chequers_temple_overflow_statue_of_worship
D:7:      layout_basic
D:8:      layout_rooms, due_lair_maze_entry_diamond
D:9:      minmay_the_grid_triangle_9x9_recursive_2_mashed
          [minmay_the_grid_triangle_9x9_prize_insulated,
          minmay_the_grid_triangle_9x9_wacky_v,
          minmay_the_grid_triangle_9x9_corrupted_corridor,
          minmay_the_grid_triangle_9x9_zippers_horizontal], layout_cave_pods,
          okawaru_metal_pillars_1_2, marbit_many_paths, kennysheep_mini,
          uniq_prince_ribbit1
Temple:   eino_temple_water

Skill      XL: |  1  2  3  4  5  6  7  8  9 |
---------------+----------------------------+-----
Spellcasting   | 3 4 5 6 7 |  7.0
Hexes          | 4 5 6 7 8 |  8.7
Stealth        | 5 6 8 9 10 | 10.9
Short Blades   | 2 3 4 5 7 |  7.1
Dodging        | 4 5 6 8 9 |  9.8
Conjurations   | 2 |  2.7

Action                   |  1- 3 |  4- 6 |  7- 9 | 10-12 || total
-------------------------+-------+-------+-------+-------++-------
Melee: Dagger            |   103 |   163 |   249 |    14 ||   529
       Headbutt          |       |       |    33 |     2 ||    35
 Cast: Corona            |     4 |     2 |       |       ||     6
       Ensorcelled Hiber |    10 |    65 |   105 |     2 ||   182
       Confusing Touch   |       |     1 |    19 |     2 ||    22
       Confuse           |       |       |     6 |       ||     6
       Dazzling Spray    |       |       |     1 |       ||     1
       Poisonous Vapours |       |       |     1 |       ||     1
  Use: Potion            |     2 |       |     2 |       ||     4
       Scroll            |       |     9 |     6 |     1 ||    16
 Stab: Sleeping          |    18 |    40 |    77 |     3 ||   138
       Confused          |       |     1 |    21 |     1 ||    23
  Eat: Ration            |       |     3 |     2 |       ||     5
Armor: Robe              |     7 |    19 |     6 |     1 ||    33
       Skin              |     3 |       |       |       ||     3
Dodge: Dodged            |    70 |   148 |   207 |     8 ||   433
